 Dungeon Crawl Stone Soup version 0.25.0-26-g0c896c7 (webtiles) character file.

Game seed: 16841968031300933719

20852 Balder the Basher (level 12, -18/75 HPs)
             Began as a Gargoyle Fighter on July 5, 2020.
             Was a High Priest of Okawaru.
             Killed from afar by a bog body (30 damage)
             ... with a bolt of cold
             ... on level 4 of the Lair of Beasts.
             The game lasted 00:56:30 (14581 turns).

Balder the Basher (Gargoyle Fighter)               Turns: 14581, Time: 00:56:31

Health: -18/75     AC: 33    Str: 20    XL:     12   Next: 83%
Magic:  12/17      EV: 15    Int: 10    God:    Okawaru [*****.]
Gold:   932        SH: 13    Dex: 13    Spells: 11/11 levels left

rFire    + . .     SeeInvis .   a - +6 flail
rCold    . . .     Gourm    .   c - +0 kite shield
rNeg     + . .     Faith    .   L - +0 plate armour {rF+}
rPois    ∞         Spirit   .   (no helmet)
rElec    +         Reflect  .   Q - +2 cloak
rCorr    .         Harm     .   k - +0 pair of gloves
MR       +....                  x - +2 pair of boots
Stlth    +.........             (no amulet)
HPRegen  0.22/turn              v - ring of protection from magic
MPRegen  0.15/turn              F - +4 ring of evasion

@: heroism, finesse, very slightly contaminated, invisible
A: negative energy resistance 1, electricity resistance, unbreathing,
petrification resistance, rot immunity, AC +8
a: Heroism, Finesse, Renounce Religion


You were on level 4 of the Lair of Beasts.
You worshipped Okawaru.
Okawaru was extremely pleased with you.
You were hungry.

You visited 2 branches of the dungeon, and saw 14 of its levels.
You also visited: Volcano.

You collected 932 gold pieces.

Inventory:

Hand Weapons
 a - a +6 flail (weapon)
 r - a +0 whip of holy wrath
 B - a +0 morningstar
 E - a +3 great mace of holy wrath
 T - the +11 great sword of Mumup {holy, *Slow rF++, unknown}
   (Okawaru gifted it to you on level 4 of the Lair of Beasts)

   It has been blessed by the Shining One to cause great damage to the undead
   and demons.
   It greatly protects you from fire.
   It may slow you when you take damage.
Missiles
 D - 7 boomerangs (quivered)
 G - 39 poisoned darts
Armour
 c - a +0 kite shield (worn)
 g - a scarf of invisibility
 k - a +0 pair of gloves (worn)
 x - a +2 pair of boots (worn)
 L - a +0 plate armour of fire resistance (worn)
 Q - a +2 cloak (worn)
Jewellery
 v - a ring of protection from magic (left hand)
 F - a +4 ring of evasion (right hand)
 M - an uncursed ring of flight
Wands
 q - a wand of disintegration (6)
 s - a wand of random effects (14)
 H - a wand of digging (5)
 S - a wand of flame (12)
Scrolls
 h - a scroll of enchant weapon
 l - 3 scrolls of fog
 p - 4 scrolls of remove curse
 u - 10 scrolls of teleportation
 w - a scroll of fear
 y - a scroll of vulnerability {unknown}
 A - 2 scrolls of amnesia {unknown}
 J - a scroll of silence {unknown}
 N - a scroll of blinking {unknown}
 O - a scroll of identify
 U - a scroll of holy word {unknown}
Potions
 b - 4 potions of degeneration {unknown}
 d - 3 potions of lignification {unknown}
 e - 3 potions of heal wounds {unknown}
 i - 4 potions of invisibility
 j - 3 potions of curing
 m - 2 potions of ambrosia {unknown}
 n - 2 potions of brilliance {unknown}
 o - 2 potions of haste {unknown}
 t - 3 potions of resistance
 z - a potion of might
 C - 2 potions of berserk rage {unknown}
 I - 2 potions of mutation {unknown}
 K - a potion of stabbing {unknown}
 P - a potion of magic {unknown}
Comestibles
 f - 23 rations


   Skills:
 * Level 8.3(13.3) Fighting
 * Level 12.0(17.0) Maces & Flails
 * Level 5.2(10.2) Throwing
 * Level 8.6(13.6) Armour
 * Level 5.3(10.3) Dodging
 * Level 7.4(12.4) Stealth
 + Level 7.9(12.9) Shields
 + Level 0.2(5.2) Unarmed Combat
 * Level 6.7 Invocations
 + Level 1.1 Evocations


You had 11 spell levels left.
You didn't know any spells.
Your spell library contained the following spells:

 Spells                   Type           Power        Failure   Level  Hunger
 Beastly Appendage        Tmut           #.....       99%         1    ##.....
 Corona                   Hex            #......      99%         1    ##.....
 Infusion                 Chrm           #...         99%         1    ##.....
 Sandblast                Erth           #.....       99%         1    ##.....
 Sting                    Tmut/Pois      #...         99%         1    ##.....
 Ensorcelled Hibernation  Hex/Ice        #.....       100%        2    ###....
 Passwall                 Tmut/Erth      #.......     100%        2    ###....
 Poisonous Vapours        Pois/Air       #.....       100%        2    ###....
 Shroud of Golubria       Chrm/Tloc      #.....       100%        2    ###....
 Song of Slaying          Chrm           #.......     100%        2    ###....
 Sticks to Snakes         Tmut           #.......     100%        2    ###....
 Confusing Touch          Hex            #.......     100%        3    ####...
 Dazzling Flash           Conj/Hex       #.....       100%        3    ####...
 Gell's Gravitas          Tloc           #.........   100%        3    ####...
 Ignite Poison            Fire/Tmut/Pois #.......     100%        3    ####...
 Mephitic Cloud           Conj/Pois/Air  #.......     100%        3    ####...
 Ozocubu's Armour         Chrm/Ice       #.......     100%        3    ####...
 Spectral Weapon          Hex/Chrm       #.......     100%        3    ####...
 Spider Form              Tmut/Pois      #.........   100%        3    ####...
 Stone Arrow              Conj/Erth      #.....       100%        3    ####...
 Tukima's Dance           Hex            #.......     100%        3    ####...
 Ice Form                 Ice/Tmut       #.......     100%        4    #####..
 Olgreb's Toxic Radiance  Pois           #.......     100%        4    #####..
 Petrify                  Tmut/Erth      #.......     100%        4    #####..
 Blade Hands              Tmut           #.........   100%        5    ######.
 Lee's Rapid Deconstruct  Erth           #.........   100%        5    ######.
 Metabolic Englaciation   Hex/Ice        #.........   100%        5    ######.
 Yara's Violent Unravell  Hex/Tmut       #.........   100%        5    ######.


Dungeon Overview and Level Annotations

Branches:
Dungeon (10/15)            Temple (0/1) D:4            Lair (4/6) D:10
  Swamp (0/4) Lair:4       Spider (0/4) Lair:3      Volcano (visited)
    Orc: D:9-12

Altars:
Ashenzari
Fedhas
Hepliaklqana
Kikubaaqudgha
Okawaru
Vehumet
Wu Jian
Xom

Annotations:
Lair:4 exclusion: 2 oklob plants


Innate Abilities, Weirdness & Mutations

You are resistant to torment.
Your stone body is resilient. (AC +8)
You are immune to poison.
You resist negative energy. (rN+)
You are resistant to electric shocks. (rElec)
You can survive without breathing.
You are immune to petrification.
You are immune to rotting.


Message History

You sock the bog body!
The bog body is heavily damaged.
The bog body barely misses you. You block the bog body's attack.
You strike the helpless bog body from behind!
You bludgeon the bog body!!
You destroy the bog body!
Okawaru accepts your kill. Something appears at your feet!
Okawaru grants you ammunition! The bog body completely misses you.
You block the bog body's attack.
You strike the helpless bog body from behind!
You bludgeon the bog body!!
The bog body is severely damaged.
You hit the bog body.
The bog body is almost destroyed.
You hit the bog body.
The bog body is almost destroyed.
The bog body gestures at you while chanting.
The bolt of cold hits you!!
You die...

##....###......###
#.............
##.....####.....#####...........
#P....## ##....#.# #...........
##.....####.....## #.#.####.#.#
###.......#.....# #♣### #####
###...........♣♣♣ ###.P
###.)......♣♣♣♣♣♣♣♣♣♣♣♣♣♣♣ ♣....
#........♣♣♣≈≈n≈≈≈≈≈≈§§≈§§ #..
#.......⌠......@†..†..§§§> #.†
#..##...⌠...♣.......♣.§§§. ♣♣.#
##..##...♣♣♣≈≈≈≈≈≈≈≈≈≈≈♣≈≈ ♣..#
#...##.....♣♣♣♣♣♣♣♣♣♣♣♣♣♣♣♣♣♣♣..
##.#..[###......♣♣♣♣♣♣♣♣...=....
#.#..## #..#...................
#.#...# ##.#...................
#.##..# ################..#.##
#..P..# ######


You could see a bog body.

Vanquished Creatures
  2 hydras
  2 two-headed ogres
  Nergalle (Lair:4)
  2 black mambas
  6 spiny frogs
  2 molten gargoyles (Lair:3)
  2 gargoyles (Volcano)
  4 komodo dragons
  An efreet (Volcano)
  A jumping spider (Lair:3)
  2 hornets (D:9)
  2 bog bodies (Lair:4)
  4 blink frogs (Lair:4)
  5 dream sheep (Lair:2)
  Sigmund (D:5)
  2 wraiths (D:10)
  Eustachio (D:5)
  16 yaks
  A fire elemental (Volcano)
  A swamp worm (Lair:4)
  8 water moccasins
  2 soldier ants (D:9)
  3 porcupines
  3 sky beasts
  2 ice beasts
  2 black bears
  An orc warrior (D:9)
  A necrophage (D:9)
  4 ogres
  3 phantoms
  5 wolves (Lair:1)
  3 centaurs
  7 crocodiles
  3 bullfrogs
  3 big kobolds
  Blork the orc (D:5)
  2 gnoll sergeants
  2 scorpions
  5 wights (D:7)
  9 killer bees (D:10)
  A howler monkey (D:6)
  6 crimson imps
  5 lava snakes (Lair:3)
  A gnoll shaman (D:4)
  2 quasits
  5 orc priests
  5 jellies
  4 hounds
  A centaur skeleton (D:6)
  2 bullfrog skeletons
  4 orc wizards
  Jessica (D:3)
  Natasha (thrice) (D:3)
  3 iguanas
  5 worker ants
  2 hound skeletons
  3 worker ant zombies
  9 adders
  17 gnolls
  2 shadow imps
  An ooze (D:2)
  2 adder zombies
  3 adder skeletons
  6 worms
  2 dart slugs
  7 leopard geckos
  14 orcs
  7 giant cockroaches
  11 goblins
  12 hobgoblins
  23 kobolds
  5 quokkas
  7 bats
  3 frilled lizards
  11 rats
  2 plants
324 creatures vanquished.

Vanquished Creatures (others)
  A fungus (Lair:1)
1 creature vanquished.

Grand Total: 325 creatures vanquished

Notes
Turn   | Place    | Note
-------+----------+-------------------------------------------
     0 | D:1      | Balder the Gargoyle Fighter began the quest for the Orb.
     0 | D:1      | Reached XP level 1. HP: 14/14 MP: 1/1
   188 | D:1      | Reached XP level 2. HP: 19/19 MP: 2/2
   448 | D:1      | Reached XP level 3. HP: 16/23 MP: 3/3
  1069 | D:2      | Found a faded altar of an unknown god.
  1374 | D:2      | Reached XP level 4. HP: 28/28 MP: 4/4
  1393 | D:2      | Reached skill level 1 in Stealth
  1724 | D:2      | Reached skill level 3 in Maces & Flails
  1732 | D:2      | Reached skill level 1 in Dodging
  1732 | D:2      | Reached XP level 5. HP: 33/33 MP: 5/5
  2175 | D:3      | Noticed Natasha
  2197 | D:3      | Killed Natasha
  2348 | D:3      | Noticed Jessica
  2357 | D:3      | Killed Jessica
  2405 | D:3      | Noticed Natasha
  2418 | D:3      | Killed Natasha
  2418 | D:3      | Reached XP level 6. HP: 21/38 MP: 6/6
  2424 | D:3      | Noticed Natasha
  2429 | D:3      | Killed Natasha
  2557 | D:3      | Found an iron altar of Okawaru.
  2595 | D:3      | Became a worshipper of Warmaster Okawaru
  2980 | D:4      | Found a radiant altar of Vehumet.
  2980 | D:4      | Found an ornate altar of the Wu Jian Council.
  2982 | D:4      | Found a shattered altar of Ashenzari.
  3045 | D:4      | Reached skill level 4 in Maces & Flails
  3045 | D:4      | Reached skill level 1 in Evocations
  3109 | D:4      | Found a hazy altar of Hepliaklqana.
  3591 | D:4      | Reached XP level 7. HP: 43/43 MP: 7/7
  3623 | D:4      | Reached skill level 1 in Invocations
  3718 | D:4      | Found a staircase to the Ecumenical Temple.
  4067 | D:5      | Entered Level 5 of the Dungeon
  4067 | D:5      | Noticed Blork the orc
  4091 | D:5      | Killed Blork the orc
  4141 | D:5      | Noticed Sigmund
  4151 | D:5      | Killed Sigmund
  4151 | D:5      | Reached * piety under Okawaru
  4151 | D:5      | Reached skill level 5 in Maces & Flails
  4256 | D:5      | Noticed Eustachio
  4259 | D:5      | Reached skill level 1 in Throwing
  4259 | D:5      | Reached XP level 8. HP: 46/48 MP: 9/9
  4276 | D:5      | Killed Eustachio
  4571 | D:5      | Reached skill level 5 in Armour
  4599 | D:5      | Reached skill level 6 in Maces & Flails
  4599 | D:5      | Reached skill level 5 in Shields
  5348 | D:6      | Reached ** piety under Okawaru
  5358 | D:6      | Reached skill level 5 in Fighting
  5358 | D:6      | Reached XP level 9. HP: 54/54 MP: 10/10
  5411 | D:6      | Reached skill level 7 in Maces & Flails
  6387 | D:7      | Reached *** piety under Okawaru
  6480 | D:7      | Reached skill level 8 in Maces & Flails
  6791 | D:8      | Found an ancient bone altar of Kikubaaqudgha.
  7205 | D:8      | Found a shimmering altar of Xom.
  7348 | D:9      | Noticed a two-headed ogre
  7348 | D:9      | Noticed a hornet
  7356 | D:9      | Killed a hornet
  7356 | D:9      | Reached XP level 10. HP: 60/60 MP: 9/12
  7367 | D:9      | Killed a two-headed ogre
  7367 | D:9      | Reached **** piety under Okawaru
  7625 | D:9      | Reached skill level 9 in Maces & Flails
  7726 | D:9      | Reached skill level 5 in Stealth
  8378 | D:9      | Found a blossoming altar of Fedhas.
  8653 | D:10     | Entered Level 10 of the Dungeon
  8911 | D:10     | Found a staircase to the Lair.
  8912 | D:10     | Noticed a two-headed ogre
  8926 | D:10     | Killed a two-headed ogre
  8926 | D:10     | Reached ***** piety under Okawaru
  8926 | D:10     | Reached skill level 10 in Maces & Flails
  8926 | D:10     | Reached skill level 5 in Invocations
  8926 | D:10     | Reached XP level 11. HP: 46/66 MP: 11/14
  9424 | Lair:1   | Entered Level 1 of the Lair of Beasts
 10942 | Lair:2   | Found a dark tunnel.
 10953 | Volcano  | Entered a volcano
 11327 | Lair:2   | Received a gift from Okawaru
 11341 | Lair:2   | Reached skill level 11 in Maces & Flails
 11444 | Lair:2   | Reached ****** piety under Okawaru
 11719 | Lair:2   | Noticed a lindwurm
 11719 | Lair:2   | Noticed a lindwurm
 11738 | Lair:2   | Noticed a lindwurm
 11760 | Lair:2   | Noticed a lindwurm
 11921 | Lair:2   | Received a gift from Okawaru
 12097 | Lair:3   | Reached XP level 12. HP: 10/72 MP: 13/16
 12446 | Lair:3   | Noticed an eight-headed hydra
 12447 | Lair:3   | Found a hole to the Spider Nest.
 12464 | Lair:3   | Killed an eight-headed hydra
 13559 | Lair:4   | Reached skill level 5 in Dodging
 13617 | Lair:4   | Noticed Nergalle
 13630 | Lair:4   | Killed Nergalle
 13744 | Lair:4   | Reached skill level 5 in Throwing
 13855 | Lair:4   | Noticed a six-headed hydra
 13867 | Lair:4   | Killed a six-headed hydra
 13867 | Lair:4   | Received a gift from Okawaru
 13911 | Lair:4   | Got a faintly glowing great sword {god gift}
 14255 | Lair:4   | Reached skill level 12 in Maces & Flails
 14552 | Lair:4   | Found a staircase to the Swamp.
 14578 | Lair:4   | Received a gift from Okawaru
 14581 | Lair:4   | Killed from afar by a bog body

Illustrated notes

Levels and vault maps discovered:
D:1:      saegor_arrival_simple_d, layout_basic, minmay_tetromino_o4
D:2:      layout_loops_corners, chequers_ecumenical_altar_simple, first_ration
D:3:      layout_basic, okawaru_altar_gauntlet_db, uniq_natasha, uniq_jessica
D:4:      layout_loops_corners, nicolae_overflow_quartered_altars,
          minmay_temple_entry_antechambers, kennysheep_generic_room_8
D:5:      wad_woods_pond, layout_basic, uniq_eustachio, uniq_sigmund,
          uniq_blork_the_orc
D:6:      layout_rooms
D:7:      layout_basic
D:8:      layout_basic, kiku_gazebo_garden_becter, tgw_xom
D:9:      layout_long_grid, hangedman_pestilent_swarm,
          chequers_serial_rivers_small_a, fedhas_altar_2
D:10:     layout_cave_pools, dpeg_oklobed_lair, orc_0_dummy
Lair:1:   layout_cave_pods
Lair:2:   layout_concentric_octagons, enter_volcano_2, minmay_lindwurm_lava
Lair:3:   cheibrodos_magma_flow, layout_hall_layers, spider_nest_entry_a,
          infiniplex_staircase_pool
Lair:4:   layout_concentric_octagons, nicolae_swamp_entry_splash_gauntlet,
          dpeg_oklob_1, uniq_nergalle

Skill      XL: |  1  2  3  4  5  6  7  8  9 10 11 12 |
---------------+-------------------------------------+-----
Stealth        | 1 2 3 4 5 6 7 |  7.4
Shields        | 4 5 6 7 |  7.9
Maces & Flails | 3 4 5 6 8 10 11 12 | 12.0
Dodging        | 1 2 3 4 5 |  5.3
Armour         | 4 5 6 7 8 |  8.6
Fighting       | 4 5 6 7 8 |  8.3
Evocations     | 1 |  1.1
Invocations    | 1 2 3 5 6 |  6.7
Throwing       | 1 2 3 4 5 |  5.2
Unarmed Combat | |  0.2

Action                   |  1- 3 |  4- 6 |  7- 9 | 10-12 || total
-------------------------+-------+-------+-------+-------++-------
Melee: Flail             |   159 |   264 |   507 |   805 ||  1735
       Unarmed           |       |       |     1 |       ||     1
Throw: Boomerang         |       |       |     8 |     3 ||    11
Invok: Heroism           |       |       |     6 |    13 ||    19
       Finesse           |       |       |       |     1 ||     1
Evoke: Wand              |       |       |       |     1 ||     1
  Use: Potion            |       |       |     1 |     4 ||     5
       Scroll            |       |       |     7 |     8 ||    15
 Stab: Invisible         |       |       |       |     2 ||     2
  Eat: Chunk             |     2 |     8 |    11 |    11 ||    32
       Ration            |       |       |     1 |     3 ||     4
Armor: Scale mail        |    70 |       |       |       ||    70
       Plate armour      |    38 |   198 |   366 |   444 ||  1046
Dodge: Dodged            |    47 |    44 |   105 |   289 ||   485
Block: Kite shield       |    81 |   147 |   278 |   452 ||   958
